 Dungeon Crawl Stone Soup version 0.29-a0-43-g62a80824bf (webtiles) character file.

Game seed: 16822737251695431124

503 jfcaron the Poker (level 7, -4/60 HPs)
             Began as a Gnoll Cinder Acolyte on Feb 3, 2022.
             Was a High Priest of Ignis.
             Slain by an ogre (27 damage)
             ... on level 5 of the Dungeon.
             The game lasted 00:10:55 (4872 turns).

jfcaron the Poker (Gnoll Cinder Acolyte)            Turns: 4872, Time: 00:10:56

Health: -4/60      AC: 15    Str: 13    XL:     7   Next: 17%
Magic:  12/12      EV:  9    Int: 15    God:    Ignis [*****.]
Gold:   1          SH:  7    Dex:  8    Spells: 11/13 levels left

rFire   + . .      SeeInvis .   a - -1 spear (flame)
rCold   . . .      Faith    .   D - +0 kite shield
rNeg    . . .      Spirit   .   k - +1 leather armour {rPois}
rPois   +          Reflect  .   o - +0 helmet
rElec   .          Harm     .   n - +1 cloak
rCorr   .          Rampage  .   (no gloves)
Will    .....                   l - +0 pair of boots
Stlth   +.........              (no amulet)
HPRegen 0.20/turn               (no ring)
MPRegen 0.13/turn               (no ring)

@: fiery-armoured
A: fangs 1, strong nose, distributed training
a: Renounce Religion, Fiery Armour, Foxfire Swarm, Rising Flame


You were on level 5 of the Dungeon.
You worshipped Ignis.
Ignis was extremely pleased with you.
You visited 2 branches of the dungeon, and saw 6 of its levels.

You collected 105 gold pieces.
You spent 104 gold pieces at shops.

Inventory:

Hand Weapons
 a - a -1 spear of flaming (weapon)
 g - a +1 hunting sling
 j - a +0 dagger
 z - a +0 dagger of venom
Missiles
 d - 15 arrows
 e - 108 stones
 i - 5 poisoned darts (quivered)
 m - 3 atropa-tipped darts
 v - 2 boomerangs
Armour
 h - a +1 ring mail of willpower
 k - a +1 leather armour of poison resistance (worn)
 l - a +0 pair of boots (worn)
 n - a +1 cloak (worn)
 o - a +0 helmet (worn)
 p - a +0 tower shield
 w - a +0 chain mail
 D - a +0 kite shield (worn)
Scrolls
 b - a scroll of amnesia
 r - a scroll of fog
 u - a scroll of enchant weapon
 y - a scroll of teleportation {unknown}
 B - a scroll of noise {unknown}
Potions
 q - a potion of curing
 s - a potion of flight {unknown}
 t - a potion of degeneration {unknown}
 x - a potion of might {unknown}
 A - a potion of haste {unknown}
 C - a potion of brilliance {unknown}


   Skills:
 + Level 7.0 Fighting
 + Level 2.3 Short Blades
 + Level 2.3 Long Blades
 + Level 2.3 Axes
 + Level 2.3 Maces & Flails
 + Level 7.0 Polearms
 + Level 2.3 Staves
 + Level 2.3 Slings
 + Level 2.3 Bows
 + Level 2.3 Crossbows
 + Level 2.3 Throwing
 + Level 2.3 Armour
 + Level 2.3 Dodging
 + Level 2.3 Stealth
 + Level 2.3 Shields
 + Level 2.3 Unarmed Combat
 + Level 3.7 Spellcasting
 + Level 1.9 Conjurations
 + Level 1.9 Hexes
 + Level 1.9 Summonings
 + Level 1.9 Necromancy
 + Level 1.9 Translocations
 + Level 1.9 Transmutations
 + Level 5.8 Fire Magic
 + Level 1.9 Ice Magic
 + Level 1.9 Air Magic
 + Level 1.9 Earth Magic
 + Level 1.9 Poison Magic
 + Level 2.5 Invocations
 + Level 2.3 Evocations


You had 11 spell levels left.
You knew the following spells:

 Your Spells              Type           Power      Damage    Failure   Level
a - Scorch                Fire           40%        2d7       11%         2

Your spell library contained the following spells:

 Spells                   Type           Power      Damage    Failure   Level
 Slow                     Hex            32%        N/A       34%         1
 Confusing Touch          Hex            8%         N/A       71%         3
 Gell's Gravitas          Tloc           8%         N/A       71%         3
 Teleport Other           Tloc           8%         N/A       71%         3
 Vampiric Draining        Necr           8%         2d6       71%         3
 Hailstorm                Conj/Ice       8%         3d4       98%         4
 Ice Form                 Ice/Tmut       8%         N/A       98%         4
 Dispersal                Tloc           4%         N/A       100%        6
 Simulacrum               Ice/Necr       4%         N/A       100%        6


Dungeon Overview and Level Annotations

Branches:
Dungeon (5/15)             Temple (1/1) D:4

Altars:
Ashenzari
Cheibriados
Dithmenos
Elyvilon
Fedhas
Hepliaklqana
Kikubaaqudgha
Makhleb
Nemelex Xobeh
Okawaru
Qazlal
Ru
Sif Muna
Trog
Uskayaw
Vehumet
Wu Jian
Xom
Yredelemnul
Zin
The Shining One

Shops:
D:1 !

Portals:
Sewer: D:5

Annotations:
D:3 2 transporters


Innate Abilities, Weirdness & Mutations

You have very sharp teeth.
Your uncanny sense of smell can sniff out nearby items.
Your experience applies equally to all skills.


Message History

You hit the water moccasin zombie. You burn the water moccasin zombie.
The water moccasin zombie is severely damaged.
The water moccasin zombie bites you but does no damage.
The water moccasin zombie barely misses you.
You closely miss the water moccasin zombie.
You bite the water moccasin zombie.
The water moccasin zombie is severely damaged.
The water moccasin zombie barely misses you.
You hit the water moccasin zombie. You burn the water moccasin zombie.
The water moccasin zombie is almost destroyed.
The water moccasin zombie closely misses you.
You hit the water moccasin zombie. You burn the water moccasin zombie.
You destroy the water moccasin zombie!
Your Fighting skill increases to level 7!
Your Polearms skill increases to level 7!
The adder hisses angrily.
Found 14 stones.
Found a glowing drain.
An ogre comes into view. It is wielding a +0 giant club.
The ogre shouts!
You throw a poisoned dart. The poisoned dart hits the ogre.
The ogre is poisoned.
A scorpion comes into view.
You throw a poisoned dart. The poisoned dart hits the scorpion.
The scorpion is poisoned.
A protective cloak of flame settles atop you.
You block the ogre's attack.
You hit the ogre. You burn the ogre.
The ogre is lightly wounded.
The ogre looks more healthy.
You hit the ogre. You burn the ogre. You bite the ogre, but do no damage.
The ogre is moderately wounded.
The scorpion looks more healthy.
The ogre hits you with a +0 giant club!!
The ogre is burned by your cloak of flames.
The ogre is heavily wounded.
You barely miss the ogre.
The ogre is heavily wounded.
You hear the rusting of a drain.
The ogre hits you with a +0 giant club!!
You die...

*,,* #...,,,,,,,* ,≈,*
******#..#*####,,* ≈≈,*
#..,*,∆..+≈≈≈≈#,,*
≈,,***#.#.#,*..#≈≈≈≈#,**
,,.>.,....(.##.#r≈∩≈#,*
*##.s,...(.s...#Brr≈#,*
≈≈≈..,.....###.#Srr≈#,*
≈*#..,.........######.#
≈##..**#####..sO@(....#
.....* #.##########
.##..##### #.#
.....<...# #.#
########.# #.# ,,*
#.###.# ,,* #.#...# ,,*
#.#.### ,,* #.#.#


You could see an ogre, a scorpion, 2 river rats and 2 rats.

Vanquished Creatures
  A black bear (D:4)
  A water moccasin zombie (D:5)
  A vampire bat (D:3)
  A hound (D:4)
  A centaur zombie (D:4)
  A jelly (D:4)
  Crazy Yiuf (D:2)
  2 orc priests (D:4)
  A gnoll (D:1)
  3 adders (D:2)
  3 worms
  4 dart slugs
  14 orcs
  3 bat skeletons (D:3)
  3 bat zombies (D:3)
  4 endoplasms
  4 giant cockroaches
  5 goblins
  5 hobgoblins
  6 kobolds
  A quokka (D:2)
  6 ball pythons
  5 bats
  2 frilled lizards
  4 rats
82 creatures vanquished.

Notes
Turn   | Place    | Note
-------+----------+-------------------------------------------
     0 | D:1      | jfcaron the Gnoll Cinder Acolyte began the quest for the
                  | Orb.
     0 | D:1      | Reached XP level 1. HP: 23/23 MP: 4/4
    31 | D:1      | Found Wikluz's Distillery.
    48 | D:1      | Reached XP level 2. HP: 25/29 MP: 5/5
   105 | D:1      | Found a faded altar of an unknown god.
   658 | D:2      | Reached XP level 3. HP: 35/35 MP: 7/7
  1006 | D:2      | Reached skill level 1 in Invocations
  1097 | D:2      | Found a blossoming altar of Fedhas.
  1140 | D:2      | Reached skill level 1 in Short Blades
  1140 | D:2      | Reached skill level 1 in Long Blades
  1140 | D:2      | Reached skill level 1 in Axes
  1140 | D:2      | Reached skill level 1 in Maces & Flails
  1140 | D:2      | Reached skill level 1 in Staves
  1140 | D:2      | Reached skill level 1 in Slings
  1140 | D:2      | Reached skill level 1 in Bows
  1140 | D:2      | Reached skill level 1 in Crossbows
  1140 | D:2      | Reached skill level 1 in Throwing
  1140 | D:2      | Reached skill level 1 in Armour
  1140 | D:2      | Reached skill level 1 in Dodging
  1140 | D:2      | Reached skill level 1 in Stealth
  1140 | D:2      | Reached skill level 1 in Shields
  1140 | D:2      | Reached skill level 1 in Unarmed Combat
  1140 | D:2      | Reached skill level 1 in Evocations
  1281 | D:2      | Reached XP level 4. HP: 32/41 MP: 8/8
  1517 | D:2      | Found a runed translucent door.
  1518 | D:2      | Noticed Crazy Yiuf
  1529 | D:2      | Killed Crazy Yiuf
  1530 | D:2      | Reached skill level 1 in Conjurations
  1530 | D:2      | Reached skill level 1 in Hexes
  1530 | D:2      | Reached skill level 1 in Summonings
  1530 | D:2      | Reached skill level 1 in Necromancy
  1530 | D:2      | Reached skill level 1 in Translocations
  1530 | D:2      | Reached skill level 1 in Transmutations
  1530 | D:2      | Reached skill level 1 in Ice Magic
  1530 | D:2      | Reached skill level 1 in Air Magic
  1530 | D:2      | Reached skill level 1 in Earth Magic
  1530 | D:2      | Reached skill level 1 in Poison Magic
  1625 | D:3      | Found a transporter.
  1680 | D:3      | Found a transporter.
  1688 | D:3      | Learned a level 2 spell: Scorch
  1872 | D:3      | Reached XP level 5. HP: 47/47 MP: 9/9
  1938 | D:1      | Bought a potion of curing for 39 gold pieces
  2271 | D:3      | Found an ancient bone altar of Kikubaaqudgha.
  2741 | D:4      | Found a staircase to the Ecumenical Temple.
  2755 | Temple   | Entered the Ecumenical Temple
  3140 | D:4      | Reached XP level 6. HP: 26/53 MP: 10/10
  3560 | D:1      | Bought a potion of heal wounds for 65 gold pieces
  4051 | D:4      | Noticed a black bear
  4068 | D:4      | HP: 6/53 [black bear (6)]
  4072 | D:4      | HP: 2/53 [black bear (6)]
  4074 | D:4      | Killed a black bear
  4075 | D:4      | Reached XP level 7. HP: 12/59 MP: 12/12
  4745 | D:5      | Entered Level 5 of the Dungeon
  4860 | D:5      | Found a glowing drain.
  4872 | D:5      | Slain by an ogre

Illustrated notes

Levels and vault maps discovered:
D:1:      kennysheep_arrival_forest, layout_basic,
          dreamdust_ecumenical_altar_statues, serial_shops, shop
D:2:      layout_rooms, basic_altar, grunt_ministairs_2,
          wad_floor_pattern_untrapped, uniq_crazy_yiuf_cottage
D:3:      gammafunk_steamed_eel, layout_basic, kennysheep_vampire_church
D:4:      layout_loops_corners, minmay_temple_entry_grid
D:5:      wander_guarded_unrand_ratskin, layout_basic,
          nicolae_gozag_zags_fifth_avenue, portal_sewer_entry_c, serial_rivers,
          chequers_serial_rivers_micro_b, chequers_serial_rivers_small_b,
          chequers_serial_rivers_marsh, chequers_serial_rivers_small_b,
          wad_floor_pattern_1
Temple:   mainiacjoe_temple_cubbyholes

Skill      XL: |  1  2  3  4  5  6  7 |
---------------+----------------------+-----
Invocations    | 1 2 |  2.5
Short Blades   | 1 2 |  2.3
Long Blades    | 1 2 |  2.3
Axes           | 1 2 |  2.3
Maces & Flails | 1 2 |  2.3
Staves         | 1 2 |  2.3
Slings         | 1 2 |  2.3
Bows           | 1 2 |  2.3
Crossbows      | 1 2 |  2.3
Throwing       | 1 2 |  2.3
Armour         | 1 2 |  2.3
Dodging        | 1 2 |  2.3
Stealth        | 1 2 |  2.3
Shields        | 1 2 |  2.3
Unarmed Combat | 1 2 |  2.3
Evocations     | 1 2 |  2.3
Spellcasting   | 3 |  3.7
Conjurations   | 1 |  1.9
Hexes          | 1 |  1.9
Summonings     | 1 |  1.9
Necromancy     | 1 |  1.9
Translocations | 1 |  1.9
Transmutations | 1 |  1.9
Ice Magic      | 1 |  1.9
Air Magic      | 1 |  1.9
Earth Magic    | 1 |  1.9
Poison Magic   | 1 |  1.9
Fighting       | 7 |  7.0
Polearms       | 7 |  7.0
Fire Magic     | |  5.8

Action                   |  1- 3 |  4- 6 |  7- 9 || total
-------------------------+-------+-------+-------++-------
Melee: Spear             |   129 |   220 |    27 ||   376
       Bite              |     3 |    26 |     3 ||    32
       Punch             |     1 |     1 |       ||     2
Throw: Stone             |    38 |    45 |       ||    83
       Dart              |     3 |       |     2 ||     5
 Cast: Scorch            |       |     4 |       ||     4
Invok: Fiery Armour      |       |     1 |     1 ||     2
  Use: Potion            |       |     2 |       ||     2
       Scroll            |       |       |     5 ||     5
 Stab: Sleeping          |       |     2 |     2 ||     4
Armor: Robe              |     6 |       |       ||     6
       Ring mail         |     8 |       |       ||     8
       Leather armour    |    10 |   117 |     4 ||   131
Dodge: Dodged            |    41 |    75 |     9 ||   125
Block: Tower shield      |       |   114 |       ||   114
       Kite shield       |       |       |     5 ||     5

Table legend: (Time is in decaauts)
 A = Elapsed time spent in this place.
 B = Non-inter-level travel time spent in this place.
 C = Inter-level travel time spent in this place.
 D = Time resting spent in this place.
 E = Time spent auto-exploring this place.
 F = Levels seen in this place.
 G = Mean time per level.
                   A        B        C        D        E       F      G
               +--------+--------+--------+--------+--------+-----+--------+
         Total |   4899 |   4379 |    520 |    609 |   2854 |   6 |  816.5 |
       Dungeon |   4557 |   4090 |    467 |    609 |   2568 |   5 |  911.4 |
        Temple |    341 |    288 |     53 |      0 |    286 |   1 |  341.0 |
               +--------+--------+--------+--------+--------+-----+--------+

Top non-repeatable levels by time:
     D:4: 1672 daAuts
     D:3: 1123 daAuts
     D:2: 1014 daAuts
     D:1: 688 daAuts
  Temple: 341 daAuts
     D:5: 58 daAuts
